 Dungeon Crawl Stone Soup version 0.29-a0-973-gac7da5f7f0 (webtiles) character file.

Game seed: 8170053456480735364

46 purpskrrrp the Sneak (level 3, -3/21 HPs)
             Began as an Octopode Enchanter on July 31, 2022.
             Was a Follower of Yredelemnul.
             Slain by an orc
             ... wielding a +0 club
              (4 damage)
             ... on level 2 of the Dungeon.
             The game lasted 00:02:26 (1648 turns).

purpskrrrp the Sneak (Octopode Enchanter)           Turns: 1648, Time: 00:02:26

Health: -3/21      AC:  1    Str:  7    XL:     3   Next: 66%
Magic:  6/6        EV: 13    Int: 17    God:    Yredelemnul [*.....]
Gold:   44         SH:  0    Dex: 14    Spells: 6/6 levels left

rFire   . . .      SeeInvis .   a - +1 dagger
rCold   . . .      Faith    .   (no shield)
rNeg    . . .      Spirit   .   (helmet restricted)
rPois   .          Reflect  .   (no amulet)
rElec   .          Harm     .   (no ring)
rCorr   .          Rampage  .   (no ring)
Will    .....                   (no ring)
Stlth   ++++......              (no ring)
HPRegen 0.07/turn               (no ring)
MPRegen 0.10/turn               (no ring)
                                (no ring)
                                (no ring)

@: no status effects
A: almost no armour, amphibious, 8 rings, camouflage 1, gelatinous body 1,
(nimble swimmer 1), tentacles
a: Renounce Religion, Recall Undead Harvest


You were on level 2 of the Dungeon.
You worshipped Yredelemnul.
Yredelemnul was noncommittal.
You visited 1 branch of the dungeon, and saw 2 of its levels.

You collected 44 gold pieces.

Inventory:

Hand Weapons
 a - a +1 dagger (weapon)
Jewellery
 f - a ring of poison resistance
Wands
 l - a wand of flame (16)
Scrolls
 d - a scroll of immolation {unknown}
 e - 2 scrolls of vulnerability {unknown}
 g - a scroll of teleportation {unknown}
 h - a scroll of noise {unknown}
 i - a scroll of identify {unknown}
Potions
 b - 2 potions of invisibility
 c - 2 potions of ambrosia {unknown}
 j - 2 potions of brilliance {unknown}
 k - a potion of heal wounds {unknown}


   Skills:
 + Level 0.2 Fighting
 * Level 1.9 Short Blades
 + Level 2.1 Dodging
 * Level 5.3 Stealth
 - Level 2.0 Spellcasting
 - Level 3.1 Hexes


You had 6 spell levels left.
You didn't know any spells.
Your spell library contained the following spells:

 Spells                   Type           Power      Damage    Failure   Level
 Ensorcelled Hibernation  Hex/Ice        14%        N/A       16%         2
 Confusing Touch          Hex            12%        N/A       16%         3
 Tukima's Dance           Hex            12%        N/A       16%         3
 Freeze                   Ice            4%         1d3       19%         1
 Dazzling Flash           Conj/Hex       14%        N/A       30%         3
 Frozen Ramparts          Ice            2%         1d2       50%         3
 Hailstorm                Conj/Ice       1%         3d3       88%         4


Dungeon Overview and Level Annotations

Branches:
Dungeon (2/15)

Altars:
Yredelemnul


Innate Abilities, Weirdness & Mutations

You cannot wear most types of armour.
You are amphibious.
You can wear up to eight rings at the same time.
Your skin changes colour to match your surroundings (Stealth+).
Your rubbery body absorbs attacks. (AC +1, EV +1)
((You are camouflaged when in or above water. (Stealth+)))
You have tentacles for arms and can constrict up to eight enemies at once.


Message History

You hit the worm but do no damage. You squeeze the worm.
The worm is moderately wounded.
Your ball python zombie closely misses the orc.
Your ball python zombie constricts the worm.
A kobold comes into view. It is wielding a +0 short sword.
The orc hits your ball python zombie with a +0 dagger.
You hit the worm.
The worm is heavily wounded.
Your ball python zombie bites the orc but does no damage.
Your ball python zombie constricts the worm.
The worm barely misses you.
You barely miss the worm.
The worm is heavily wounded.
The orc hits your ball python zombie with a +0 club.
Your ball python zombie is destroyed!
You hit the worm. You grab the worm.
The worm is severely wounded.
You constrict the worm. The orc closely misses you. The worm bites you!
Ouch! That really hurt!
You are too injured to fight recklessly!
You are too injured to fight recklessly!
You are too injured to fight recklessly!
You are too injured to fight recklessly!
You are too injured to fight recklessly!
You are too injured to fight recklessly!
You barely miss the worm.
The worm is severely wounded.
You constrict the worm. The orc hits you with a +0 dagger.
* * * LOW HITPOINT WARNING * * *
You completely miss the worm. You squeeze the worm.
You kill the worm!
The dead are slithering!
The orc barely misses you.
You barely miss the orc. You grab the orc. You constrict the orc.
The orc misses you. The orc barely misses you.
You hit the orc but do no damage. Your grab misses the orc.
You constrict the orc. The orc hits you with a +0 dagger.
* * * LOW HITPOINT WARNING * * *
The orc hits you with a +0 club.
You die...
Your body rises from the dead as a mindless zombie.

#########
#)......#
#.......###
#..........
#Z.ooK..# ##@#
.. ###ZZ# ..#
#...Z###
...###.##...#
.......##.#..#
#<......##.#
##..Z.### .#
##...## #
#..#..#


You could see 2 orcs, a kobold, a friendly worm zombie, a friendly goblin
zombie, a friendly hobgoblin zombie and a friendly kobold zombie.

Vanquished Creatures
  A worm (D:2)
  2 dart slugs (D:1)
  An orc (D:2)
  2 ball pythons
  2 endoplasms (D:1)
  6 goblins
  5 hobgoblins
  A quokka (D:1)
  5 bats
  4 kobolds
  4 rats
33 creatures vanquished.

Vanquished Creatures (collateral kills)
  A bat (D:1)
1 creature vanquished.

Vanquished Creatures (others)
  A bat zombie (D:1)
  A ball python zombie (D:2)
2 creatures vanquished.

Grand Total: 36 creatures vanquished

Notes
Turn   | Place    | Note
-------+----------+-------------------------------------------
     0 | D:1      | purpskrrrp the Octopode Enchanter began the quest for the
                  | Orb.
     0 | D:1      | Reached XP level 1. HP: 11/11 MP: 3/3
   290 | D:1      | Reached XP level 2. HP: 17/17 MP: 5/5
   398 | D:1      | You fall into a shaft and drop 1 floor!
   595 | D:1      | Found a faded altar of an unknown god.
   601 | D:1      | Prayed at the altar of an unknown god.
   601 | D:1      | Became a worshipper of Yredelemnul the Dark
   601 | D:1      | Reached * piety under Yredelemnul
   698 | D:1      | Reached XP level 3. HP: 21/21 MP: 6/6
   920 | D:1      | Reached skill level 5 in Stealth
  1648 | D:2      | HP: 1/21 [orc/+0 dagger (4)]
  1648 | D:2      | Slain by an orc

Illustrated notes

Levels and vault maps discovered:
D:1:      amcnicky_arrival_gap_in_the_tavern_cellar, layout_rooms,
          serial_co_window_serial, co_window_corner_a, co_window_corner_a,
          co_window_paths_b, co_window_paths_b, co_window_paths_b,
          co_window_paths_b, co_window_of_opportunity_a, co_window_corner_cb,
          co_window_broadway_b, co_window_paths_c, co_window_of_opportunity_c,
          co_window_4corner_a, co_window_paths_d, glass_columns_c,
          glass_columns_a, hellmonk_ecumenical_altar_heavens_door
D:2:      layout_rooms

Skill      XL: |  1  2  3 |
---------------+----------+-----
Stealth        | 5 |  5.3
Fighting       | |  0.2
Short Blades   | |  1.9
Dodging        | |  2.1
Spellcasting   | |  2.0
Hexes          | |  3.1

Action                   || total
-------------------------++-------
Melee: Dagger            ||    71
       Constrict         ||    17
       Tentacles         ||    17
 Stab: Sleeping          ||     5
Armor: Skin              ||     5
Dodge: Dodged            ||    45

Table legend: (Time is in decaauts)
 A = Elapsed time spent in this place.
 B = Non-inter-level travel time spent in this place.
 C = Inter-level travel time spent in this place.
 D = Time resting spent in this place.
 E = Time spent auto-exploring this place.
 F = Levels seen in this place.
 G = Mean time per level.
                   A        B        C        D        E       F      G
               +--------+--------+--------+--------+--------+-----+--------+
         Total |   1642 |   1609 |     33 |      0 |   1397 |   2 |  821.0 |
       Dungeon |   1642 |   1609 |     33 |      0 |   1397 |   2 |  821.0 |
               +--------+--------+--------+--------+--------+-----+--------+

Top non-repeatable levels by time:
     D:1: 1415 daAuts
     D:2: 226 daAuts
